 Dungeon Sprint DCSS version 0.30.1-11-g7821555f0a (webtiles) character file.

Game seed: 4279611870748605346

562 Heoruswealwe the Spear-Bearer (level 7, -7/71 HPs)
             Began as a Minotaur Fighter on Nov 3, 2023.
             Was an Initiate of Gozag.
             Mangled by a shadow (28 damage)
             ... in the Dungeon (Sprint IX: "|||||||||||||||||||||||||||||").
             The game lasted 00:01:22 (130 turns).

Heoruswealwe the Spear-Bearer (Minotaur Fighter)     Turns: 130, Time: 00:01:23

Health: -7/71      AC:  8    Str: 23    XL:     7   Next: 10%
Magic:  6/6        EV:  9    Int:  5    God:    Gozag
Gold:   0          SH:  4    Dex:  9    Spells: 6/6 levels left

rFire   . . .        a - +0 trident
rCold   . . .        d - +0 buckler
rNeg    . . .        c - +0 scale mail
rPois   .            (helmet restricted)
rElec   .            (no cloak)
rCorr   .            (no gloves)
SInv    .            (no boots)
Will    .....        (no amulet) Stlth
                     (no ring)
HPRegen 0.31/turn    (no ring)
MPRegen 0.10/turn

%: no teleportation
@: gold aura
A: horns 2, retaliatory headbutt
a: Renounce Religion, Potion Petition, Call Merchant, Bribe Branch


You were in the Dungeon.
You worshipped Gozag.
Gozag was noncommittal.
You visited 1 branch

Inventory:

Hand Weapons
 a - a +0 trident (weapon)
 k - a +2 halberd of protection
Armour
 c - a +0 scale mail (worn)
 d - a +0 buckler (worn)
Jewellery
 l - a +3 ring of intelligence
 m - a +3 ring of dexterity
Wands
 h - a wand of acid (10)
Scrolls
 j - 2 scrolls of blinking
Potions
 b - a potion of might
 e - 5 potions of curing
 f - 3 potions of heal wounds
 g - a potion of haste
 i - a potion of berserk rage


   Skills:
 + Level 9.9 Fighting
 * Level 13.0 Polearms
 + Level 9.9 Armour
 - Level 3.6 Shields


You had 6 spell levels left.
You didn't know any spells.
Your spell library was empty.

Dungeon Overview and Level Annotations

Branches:
Dungeon (1/1)

Altars:
Cheibriados
Dithmenos
Elyvilon
Fedhas
Gozag
Hepliaklqana
Kikubaaqudgha
Makhleb
Nemelex Xobeh
Okawaru
Qazlal
Ru
Sif Muna
Trog
Uskayaw
Vehumet
Wu Jian
Xom
Yredelemnul
Zin
The Shining One
Jiyva
Lugonu


Innate Abilities, Weirdness & Mutations

You have a pair of horns on your head.
You reflexively headbutt those who attack you in melee.


Message History

You barely miss the yak.
The yak is severely wounded.
The yak closely misses you.
You closely miss the yak.
The yak is severely wounded.
You hit the yak. Your headbutt misses the yak.
The yak is almost dead.
The shadow is no longer distracted by gold.
The yak gores you but does no damage.
The shadow slips into darkness.
The shadow flickers and vanishes!
You puncture the yak!
You kill the yak!
The two-headed ogre is distracted by your dazzling golden aura.
You have reached level 7!
The two-headed ogre shouts in stereo!
You puncture something! Something hits you but does no damage.
You closely miss something. You headbutt something.
Reactivating autopickup.
You feel a bit more experienced.
Your Polearms skill increases to level 13!
Deactivating autopickup; reactivate with Ctrl-A.
You miss something. Your headbutt misses something. You barely miss something.
Your headbutt misses something.
The shadow strikes at you from the darkness!
* * * LOW HITPOINT WARNING * * *
Reactivating autopickup.
You hit the shadow but do no damage. Your headbutt misses the shadow.
You block the shadow's attack.
You barely miss the shadow.
You headbutt the shadow, but do no damage.
You closely miss the shadow. Your headbutt misses the shadow.
The shadow slips into darkness.
The shadow flickers and vanishes!
Deactivating autopickup; reactivate with Ctrl-A.
You hit something but do no damage.
The two-headed ogre is no longer distracted by gold.
The shadow strikes at you from the darkness!
You die...
Your body crumbles into a pile of gold.

▓+▓
$
▓.▓
$
▓.▓
$ $
▓O▓
$
▓.▓
$
▓{▓
$
▓@▓
$
▓$▓
▓.▓
$
▓.▓
▓[▓
$
▓[▓
▓[▓
$
▓.▓
$
▓)▓


You could see a two-headed ogre.

Vanquished Creatures
  A yak (D)
  An ogre (D)
  A centaur (D)
  2 phantoms (D)
  A wight (D)
  A howler monkey (D)
  An orc wizard (D)
  2 endoplasms (D)
  A goblin (D)
  2 quokkas (D)
  A rat (D)
14 creatures vanquished.

Notes
Turn   | Place    | Note
-------+----------+-------------------------------------------
     0 | D        | Heoruswealwe the Minotaur Fighter began the quest for the
                  | Orb.
     0 | D        | Reached XP level 1. HP: 19/19 MP: 0/0
     6 | D        | Reached skill level 3 in Polearms
    25 | D        | Noticed an ogre
    25 | D        | Noticed a phantom
    25 | D        | Noticed a phantom
    25 | D        | Noticed a howler monkey
    27 | D        | Reached skill level 4 in Polearms
    28 | D        | Killed a howler monkey
    29 | D        | Reached skill level 5 in Fighting
    29 | D        | Reached skill level 6 in Polearms
    29 | D        | Reached skill level 5 in Armour
    29 | D        | Reached XP level 2. HP: 29/29 MP: 1/1
    29 | D        | Reached XP level 3. HP: 36/36 MP: 2/2
    40 | D        | Killed a phantom
    41 | D        | Reached skill level 8 in Polearms
    41 | D        | Reached XP level 4. HP: 45/45 MP: 3/3
    50 | D        | Killed a phantom
    51 | D        | Reached skill level 9 in Polearms
    51 | D        | Reached XP level 5. HP: 41/52 MP: 4/4
    56 | D        | Killed an ogre
    57 | D        | Reached skill level 10 in Polearms
    57 | D        | Reached XP level 6. HP: 33/62 MP: 5/5
    63 | D        | Found a snail-covered altar of Cheibriados.
    63 | D        | Found a shadowy altar of Dithmenos.
    63 | D        | Found a white marble altar of Elyvilon.
    63 | D        | Found a blossoming altar of Fedhas.
    63 | D        | Found an opulent altar of Gozag.
    64 | D        | Found a hazy altar of Hepliaklqana.
    65 | D        | Found a viscous altar of Jiyva.
    66 | D        | Found an ancient bone altar of Kikubaaqudgha.
    67 | D        | Found a corrupted altar of Lugonu.
    68 | D        | Found a burning altar of Makhleb.
    69 | D        | Found a sparkling altar of Nemelex Xobeh.
    70 | D        | Found an iron altar of Okawaru.
    71 | D        | Became a worshipper of Gozag Ym Sagoz the Greedy
    72 | D        | Found a stormy altar of Qazlal.
    73 | D        | Found a sacrificial altar of Ru.
    74 | D        | Found a shimmering blue altar of Sif Muna.
    75 | D        | Found a bloodstained altar of Trog.
    76 | D        | Found a hide-covered altar of Uskayaw.
    77 | D        | Found a radiant altar of Vehumet.
    78 | D        | Found an ornate altar of the Wu Jian Council.
    79 | D        | Found a shimmering altar of Xom.
    80 | D        | Found a basalt altar of Yredelemnul.
    81 | D        | Found a glowing silver altar of Zin.
    82 | D        | Found a glowing golden altar of the Shining One.
   107 | D        | Noticed a two-headed ogre
   107 | D        | Noticed a shadow
   107 | D        | Noticed a yak
   110 | D        | Reached skill level 11 in Polearms
   114 | D        | Reached skill level 12 in Polearms
   122 | D        | Killed a yak
   123 | D        | Reached XP level 7. HP: 33/71 MP: 6/6
   125 | D        | Reached skill level 13 in Polearms
   130 | D        | Mangled by a shadow

Illustrated notes

Levels and vault maps discovered:
D:        linesprint [early_d, line_temple, items_1, d_10, items_2, lair_1,
          lair_end, items_3, orc_1, orc_end, items_4, d_15, swamp_1, shoals_1,
          snake_1, spider_1, d_20, vaults_1, items_5, swamp_end, shoals_end,
          snake_end, spider_end, vaults_end, d_27, items_6, zot_1, zot_end,
          crypt_end, forest_end, elf_end, slime_end, tomb_end, abyss_end,
          pan_hell_end]

Skill      XL: |  1  2  3  4  5  6  7 |
---------------+----------------------+-----
Polearms       | 6 8 9 10 12 13 | 13.0
Fighting       | 5 6 7 8 9 |  9.9
Armour         | 5 6 7 8 9 |  9.9
Shields        | |  3.6

Action                     |  1- 3 |  4- 6 |  7- 9 || total
---------------------------+-------+-------+-------++-------
  Melee: Trident           |    23 |    29 |     8 ||    60
         Headbutt          |     3 |     6 |     2 ||    11
 Armour: Scale mail        |    10 |     6 |     1 ||    17
  Dodge: Dodged            |     2 |     4 |       ||     6
  Block: Buckler           |     3 |     4 |     1 ||     8
